 Dungeon Crawl Stone Soup version 0.32-a0-931-g5a2cda0630 (webtiles) character file.

Game seed: 1597328346328117934

14 Biggs the Ruffian (level 2, -2/29 HPs)
             Began as a Troll Fighter on Apr 14, 2024.
             Slain by a gnoll
             ... wielding a +4 flail
              (14 damage)
             ... on level 3 of the Dungeon.
             The game lasted 00:00:56 (128 turns).

Biggs the Ruffian (Troll Fighter)                    Turns: 128, Time: 00:00:57

Health: -2/29      AC:  4    Str: 23    XL:     2   Next: 31%
Magic:  1/1        EV:  7    Int:  4    God:
Gold:   36         SH:  7    Dex:  9    Spells: 1/1 levels left

rFire   . .          .
                       - Unarmed
rCold   . . .        b - +0 kite shield
rNeg    . . .        a - +0 robe
rPois   .            (helmet restricted)
rElec   .            (no cloak)
rCorr   .            (gloves unavailable)
SInv    .            (boots unavailable)
Will    .....        (no amulet)
Stlth   +            (no ring)
HPRegen 1.04/turn    (no ring)
MPRegen 0.07/turn

%: no passive effects
@: no status effects
A: large, unfitting armour, claws 3, regeneration 1, shaggy fur 1, tough skin 1
a: no special abilities


You were on level 3 of the Dungeon.
You visited 1 branch of the dungeon, and saw 3 of its levels.

You collected 36 gold pieces.

Inventory:

Armour
 a - a +0 robe (worn)
 b - a +0 kite shield (worn)
Potions
 c - a potion of might
 d - a potion of enlightenment {unknown}


   Skills:
 - Level 2.4 Fighting
 - Level 2.4 Dodging
 - Level 2.6 Shields
 + Level 3.0 Unarmed Combat


You had one spell level left.
You didn't know any spells.
Your spell library contained the following spells:

 Spells                   Type           Power      Damage    Failure   Level
 Magic Dart               Conj           0%         1d3       78%         1
 Searing Ray              Conj           0%         2d4       89%         2
 Tukima's Dance           Hex            0%         N/A       98%         3
 Dimensional Bullseye     Hex/Tloc       0%         N/A       100%        4
 Fulminant Prism          Conj/Alch      0%         3d5       100%        4
 Iskenderun's Mystic Bla Conj/Tloc 0%             2d3        (+2d1     100%        4


Dungeon Overview and Level Annotations

Branches:
Dungeon (3/15)

Altars:


Innate Abilities, Weirdness & Mutations

You are too large for most types of armour.
You have claws for hands.
Your natural rate of healing is unusually fast.
You are covered in fur. (AC +1)
You have tough skin. (AC +1)


Message History

You climb downwards.
Found a book of Weapons, a book of Conjurations and 13 gold pieces.
Found an escape hatch in the ceiling.
There is a stone staircase leading up here.
The helpless endoplasm fails to defend itself.
You claw the endoplasm!
You kill the endoplasm!
Your Unarmed Combat skill increases to level 3!
You pick up a book of Conjurations and begin reading...
You add the spells Magic Dart, Searing Ray and Fulminant Prism to your library.
You pick up a book of Weapons and begin reading...
You add the spells Tukima's Dance, Dimensional Bullseye and Iskenderun's Mystic Blast to your library.
You now have 36 gold pieces (gained 13).
A goblin comes into view. It is wielding a +0 dagger.
The goblin shouts!
You hear a shout!
You closely miss the goblin. You block the goblin's attack.
You miss the goblin. The goblin hits you with a +0 dagger.
You claw the goblin!
You kill the goblin!
A gnoll comes into view.
It is wielding a +4 flail and quivering a throwing net.
You see here a +0 dagger.
A gnoll comes into view. It is wielding a +0 halberd.
The gnoll throws a throwing net.
You block the throwing net.
You see here a throwing net.
The gnoll hits you with a +4 flail.
You scratch the gnoll.
The gnoll is lightly wounded.
The gnoll closely misses you. The gnoll hits you with a +4 flail.
You barely miss the gnoll.
The gnoll is lightly wounded.
The gnoll hits you from afar with a +0 halberd.
The gnoll hits you with a +4 flail!
You scratch the gnoll.
The gnoll is moderately wounded.
The gnoll hits you from afar with a +0 halberd.
The gnoll completely misses you.
You barely miss the gnoll.
The gnoll is moderately wounded.
You block the gnoll's attack. The gnoll hits you with a +4 flail!
You die...

#. .# ..# #. ..#.
... #. ... ..##
#.####... ...
#.#.. ..# ..#
#.#.###.# g.#
#####.#.##..##
##g.#
.........<.#.###@#
####.##.#.......##
# #.#.......#
#....<..(.#
###....).##
#......# ###.##.#
#.##.#
........##.#


You could see 2 gnolls.

Vanquished Creatures
  A ball python (D:2)
  3 bats
  3 endoplasms
  2 goblins
  2 hobgoblins
11 creatures vanquished.

Notes
Turn   | Place    | Note
-------+----------+-------------------------------------------
     0 | D:1      | Biggs the Troll Fighter began the quest for the Orb.
     0 | D:1      | Reached XP level 1. HP: 22/22 MP: 0/0
    47 | D:2      | Reached XP level 2. HP: 29/29 MP: 1/1
    99 | D:3      | Reached skill level 3 in Unarmed Combat
   128 | D:3      | Slain by a gnoll

Illustrated notes

Levels and vault maps discovered:
D:1:      grunt_arrival_lava_bath, layout_basic, basic_ecumenical_altar,
          serial_shops, shop, nicolae_shop_crystal, shop,
          nicolae_shop_overgrown_old_shop, hangedman_glass_garden
D:2:      minmay_spotlight, layout_loops_ring
D:3:      layout_loops_ring, serial_shops, nicolae_shop_crystal, uniq_ijyb,
          uniq_robin

Skill      XL: |  1  2 |
---------------+-------+-----
Unarmed Combat | 3 |  3.0
Fighting       | |  2.4
Dodging        | |  2.4
Shields        | |  2.6

Action                     || total
---------------------------++-------
  Melee: Unarmed           ||    21
   Stab: Sleeping          ||     1
 Armour: Robe              ||    10
  Dodge: Dodged            ||     8
  Block: Kite shield       ||     9

Table legend: (Time is in decaauts)
 A = Elapsed time spent in this place.
 B = Non-inter-level travel time spent in this place.
 C = Inter-level travel time spent in this place.
 D = Time resting spent in this place.
 E = Time spent auto-exploring this place.
 F = Levels seen in this place.
 G = Mean time per level.
                   A        B        C        D        E       F      G
               +--------+--------+--------+--------+--------+-----+--------+
         Total |    128 |    128 |      0 |      0 |      0 |   3 |   42.7 |
       Dungeon |    128 |    128 |      0 |      0 |      0 |   3 |   42.7 |
               +--------+--------+--------+--------+--------+-----+--------+

Top non-repeatable levels by time:
     D:2: 60 daAuts
     D:1: 37 daAuts
     D:3: 31 daAuts
